 Dungeon Crawl Stone Soup version 0.31-a0-1165-g196b491b36 (webtiles) character file.

Game seed: 14265492706005127336

181 DApurpleWHUMPUS the Ogre Mage (level 5, -1/50 HPs)
             Began as an Ogre Fire Elementalist on Dec 9, 2023.
             Killed by divine providence
             ... invoked by an orc priest
              (13 damage)
             ... on level 3 of the Dungeon.
             The game lasted 00:03:19 (3457 turns).

DApurpleWHUMPUS the Ogre Mage (OgFE)                Turns: 3457, Time: 00:03:20

Health: -1/50      AC:  3    Str: 12    XL:     5   Next: 61%
Magic:  2/13       EV:  9    Int: 18    God:
Gold:   146        SH:  0    Dex:  9    Spells: 14/15 levels left

rFire   . . .        c - +0 dagger
rCold   . . .        (no shield)
rNeg    . . .        a - +0 robe
rPois   .            (helmet restricted)
rElec   .            (no cloak)
rCorr   .            (gloves unavailable)
SInv    .            (boots unavailable)
Will    .....        (no amulet)
Stlth   +            (no ring)
HPRegen 0.28/turn    (no ring)
MPRegen 0.13/turn

%: no passive effects
@: no status effects
A: large, unfitting armour, tough skin 1
a: no special abilities


You were on level 3 of the Dungeon.
You visited 1 branch of the dungeon, and saw 3 of its levels.

You collected 146 gold pieces.

Inventory:

Hand Weapons
 c - a +0 dagger (weapon)
Missiles
 b - a throwing net
Armour
 a - a +0 robe (worn)
 l - a +0 helmet
Jewellery
 g - a ring of resist corrosion
Scrolls
 d - a scroll of noise {unknown}
 e - a scroll of torment {unknown}
 f - a scroll of poison {unknown}
 h - 2 scrolls of fear {unknown}
 i - 2 scrolls of identify {unknown}
 j - a scroll of blinking {unknown}
 k - a scroll of immolation {unknown}
 o - a scroll of teleportation {unknown}
 q - a scroll of brand weapon {unknown}
Potions
 m - 2 potions of might {unknown}
 n - 3 potions of curing {unknown}
 p - 3 potions of lignification {unknown}


   Skills:
 + Level 2.3 Fighting
 - Level 1.7 Dodging
 - Level 1.4 Stealth
 * Level 5.9 Spellcasting
 - Level 0.8 Conjurations
 - Level 2.6 Fire Magic


You had 14 spell levels left.
You knew the following spells:

 Your Spells              Type           Power      Damage    Failure   Level
a - Foxfire               Conj/Fire      44%        2x1d6     6%          1

Your spell library contained the following spells:

 Spells                   Type           Power      Damage    Failure   Level
 Scorch                   Fire           28%        2d6       6%          2
 Inner Flame              Hex/Fire       10%        N/A       22%         3
 Volatile Blastmotes      Fire/Tloc      20%        2d11      22%         3
 Flame Wave               Conj/Fire      11%        2d6       50%         4


Dungeon Overview and Level Annotations

Branches:
Dungeon (3/15)

Altars:
Dithmenos
Makhleb

Shops:
D:2 :


Innate Abilities, Weirdness & Mutations

You are too large for most types of armour.
You have tough skin. (AC +1)


Message History

Confirm with . or Enter, or press ? or * to list all spells.
You conjure some foxfire!
Okay, then.
Casting: Foxfire (safe; 6% risk of failure)
Confirm with . or Enter, or press ? or * to list all spells.
You conjure some foxfire!
The foxfire hits the kobold but does no damage.
The foxfire hits the kobold.
You kill the kobold!
Casting: Foxfire (safe; 6% risk of failure)
Confirm with . or Enter, or press ? or * to list all spells.
You conjure some foxfire!
The foxfire hits the orc priest but does no damage.
The foxfire hits the orc priest.
The orc priest is moderately wounded.
Casting: Foxfire (safe; 6% risk of failure)
Confirm with . or Enter, or press ? or * to list all spells.
You conjure some foxfire!
The foxfire hits the orc priest.
The orc priest is severely wounded.
The foxfire hits the orc priest.
The orc priest is almost dead.
The orc priest mumbles some strange prayers to Beogh against you.
Pain shoots through your body!
* * * LOW HITPOINT WARNING * * *
You hit the orc priest but do no damage.
The orc priest is almost dead.
The foxfire hits the orc priest but does no damage.
The orc priest is almost dead.
The foxfire hits the orc priest.
You kill the orc priest!
An orc priest comes into view. It is wielding a +0 club.
Items here: ( )))))) †††††††.
You see here a +0 club.
An orc priest is nearby!
An orc priest is nearby!
The orc priest shouts!
The orc priest looks braver for a moment.
The orc priest invokes the aid of Beogh against you.
Beogh smites you!
You die...

#..##.#.......#.##
#...#.##.....##..#
#.....####o####..#
#..##............#
#..###...........############
#..# #####.......##..........
#..# ##.........#.....######
#..####..........#.###†#
#...........@...)..# #.#
#.#####..........#.# #.######
#.# ##.......÷............#
#.# #.##########..###.....
#)# #.# ..# ####.. #.# #.#
... ##.._ #.# #.#####...
.......... #.# #........#
......... #.######.########
.......


You could see an orc priest.

Vanquished Creatures
  An orc priest (D:3)
  4 gnolls (D:3)
  4 adders
  2 worms
  3 dart slugs
  3 orcs
  3 ball pythons
  8 endoplasms
  A giant cockroach (D:2)
  4 goblins
  5 hobgoblins
  6 jackals (D:3)
  4 quokkas
  3 bats (D:1)
  2 frilled lizards (D:1)
  6 kobolds
  4 rats
63 creatures vanquished.

Vanquished Creatures (others)
  311 foxfires
311 creatures vanquished.

Grand Total: 374 creatures vanquished

Notes
Turn   | Place    | Note
-------+----------+-------------------------------------------
     0 | D:1      | DApurpleWHUMPUS the Ogre Fire Elementalist began the quest
                  | for the Orb.
     0 | D:1      | Reached XP level 1. HP: 16/16 MP: 3/3
   148 | D:1      | Found a faded altar of an unknown god.
   189 | D:1      | Reached skill level 3 in Spellcasting
   290 | D:1      | Reached XP level 2. HP: 24/24 MP: 1/6
  1616 | D:2      | Reached skill level 4 in Spellcasting
  1616 | D:2      | Reached XP level 3. HP: 28/31 MP: 5/8
  2119 | D:2      | Reached XP level 4. HP: 9/39 MP: 4/10
  2408 | D:2      | Found Mijamp's Book Boutique.
  2833 | D:3      | Found a burning altar of Makhleb.
  2953 | D:3      | Reached skill level 5 in Spellcasting
  3036 | D:3      | Reached skill level 1 in Fighting
  3331 | D:3      | Found a shadowy altar of Dithmenos.
  3389 | D:3      | Reached XP level 5. HP: 27/48 MP: 0/12
  3457 | D:3      | Killed from afar by an orc priest

Illustrated notes

Levels and vault maps discovered:
D:1:      wheals_arrival_shading, layout_basic,
          dreamdust_ecumenical_altar_hidden_monk_grotto, minmay_tetromino_s2
D:2:      layout_loops_cross, serial_shops, nicolae_shop_real_fake_doors,
          minivault_19, bh_walls_and_bars
D:3:      layout_loops_ring, overflow_temple_1_default, old_standard_altar

Skill      XL: |  1  2  3  4  5 |
---------------+----------------+-----
Spellcasting   | 3 4 5 |  5.9
Fighting       | 1 2 |  2.3
Dodging        | |  1.7
Stealth        | |  1.4
Conjurations   | |  0.8
Fire Magic     | |  2.6

Action                     |  1- 3 |  4- 6 || total
---------------------------+-------+-------++-------
  Melee: Unarmed           |     7 |       ||     7
         Dagger            |    42 |    51 ||    93
   Cast: Foxfire           |   117 |    85 ||   202
    Use: Potion            |       |     1 ||     1
 Armour: Robe              |    38 |    51 ||    89
  Dodge: Dodged            |    27 |    36 ||    63

Table legend: (Time is in decaauts)
 A = Elapsed time spent in this place.
 B = Non-inter-level travel time spent in this place.
 C = Inter-level travel time spent in this place.
 D = Time resting spent in this place.
 E = Time spent auto-exploring this place.
 F = Levels seen in this place.
 G = Mean time per level.
                   A        B        C        D        E       F      G
               +--------+--------+--------+--------+--------+-----+--------+
         Total |   3456 |   3400 |     56 |     81 |   2801 |   3 | 1152.0 |
       Dungeon |   3456 |   3400 |     56 |     81 |   2801 |   3 | 1152.0 |
               +--------+--------+--------+--------+--------+-----+--------+

Top non-repeatable levels by time:
     D:2: 1445 daAuts
     D:1: 1354 daAuts
     D:3: 655 daAuts
